 Dungeon Crawl Stone Soup version 0.30-a0-702-gdf48620a09 (webtiles) character file.

Game seed: 15556160867947145686

585 holysushi the Trooper (level 7, -3/78 HPs)
             Began as an Ogre Berserker on Jan 21, 2023.
             Was a Believer of Trog.
             Slain by an orc
             ... wielding a +0 flail
              (7 damage)
             ... on level 5 of the Dungeon.
             The game lasted 00:02:58 (3763 turns).

holysushi the Trooper (Ogre Berserker)              Turns: 3763, Time: 00:02:59

Health: -3/78      AC:  5    Str: 24    XL:     7   Next: 37%
Magic:  7/7        EV: 10    Int:  8    God:    Trog [**....]
Gold:   147        SH:  0    Dex:  8    Spells: 6/6 levels left

rFire   + . .      SeeInvis .    A - +1 whip (venom)
rCold   + . .      Faith    .    (no shield)
rNeg    . . .      Spirit   .    q - +2 robe {rC+}
rPois   .          Reflect  .    (helmet restricted)
rElec   .          Harm     .    (no cloak)
rCorr   .          Rampage  .    (gloves unavailable)
Will    .....                    (boots unavailable)
Stlth   +                        (no amulet)
HPRegen 0.33/turn                r - ring of protection from fire
MPRegen 0.10/turn                (no ring)

@: no status effects
A: large, unfitting armour, tough skin 1
a: Renounce Religion, Berserk, Trog's Hand


You were on level 5 of the Dungeon.
You worshipped Trog.
Trog was pleased with you.
You visited 1 branch of the dungeon, and saw 5 of its levels.

You collected 147 gold pieces.

Inventory:

Hand Weapons
 a - a +0 mace
 A - a +1 whip of venom (weapon)
Missiles
 u - 4 large rocks (quivered)
Armour
 b - a +0 animal skin
 q - a +2 robe of cold resistance (worn)
Jewellery
 r - a ring of protection from fire (left hand)
Wands
 t - a wand of roots (12)
 B - a wand of acid (11)
Scrolls
 c - a scroll of poison {unknown}
 d - 5 scrolls of fog {unknown}
 e - 4 scrolls of identify {unknown}
 g - a scroll of acquirement {unknown}
 h - 2 scrolls of amnesia {unknown}
 j - 2 scrolls of vulnerability {unknown}
 n - a scroll of torment {unknown}
 o - a scroll of noise {unknown}
 v - a scroll of magic mapping {unknown}
 w - a scroll of teleportation {unknown}
 x - 2 scrolls of immolation {unknown}
 y - a scroll of enchant weapon {unknown}
Potions
 f - 3 potions of flight {unknown}
 i - 4 potions of curing {unknown}
 k - 2 potions of degeneration {unknown}
 l - a potion of haste {unknown}
 m - 2 potions of brilliance {unknown}
 p - 2 potions of mutation {unknown}
 s - a potion of heal wounds {unknown}
 z - a potion of ambrosia {unknown}
 C - a potion of resistance {unknown}


   Skills:
 + Level 7.0 Fighting
 * Level 6.3 Maces & Flails
 - Level 2.6 Dodging


You had 6 spell levels left.
You didn't know any spells.
Your spell library was empty.

Dungeon Overview and Level Annotations

Branches:
Dungeon (5/15) Zot: 26209  Temple (0/1) D:4

Altars:
The Shining One

Annotations:
D:2 1 runed translucent door, Crazy Yiuf
D:3 2 transporters
D:4 1 runed translucent door, mandarbmax's ghost, amateur FoFi


Innate Abilities, Weirdness & Mutations

You are too large for most types of armour.
You have tough skin. (AC +1)


Message History

You barely miss the orc priest. The orc priest misses you.
You hit the orc priest but do no damage.
The orc priest is poisoned.
You barely miss the orc priest.
The orc priest is lightly wounded.
The orc priest invokes the aid of Beogh against you.
Beogh smites you!
* * * LOW HITPOINT WARNING * * *
You closely miss the orc priest.
The orc priest is moderately wounded.
The orc priest barely misses you.
You hit the orc priest but do no damage.
The orc priest looks as sick as possible!
The orc priest is heavily wounded.
The orc priest begins to cast a cantrip, but forgets the words!
You barely miss the orc priest.
The orc priest is heavily wounded.
The orc priest misses you.
You hit the orc priest.
The orc priest looks as sick as possible!
The orc priest is severely wounded.
You barely miss the orc priest.
The orc priest is almost dead.
The orc priest mumbles some strange prayers to Beogh against you.
Pain shoots through your body!
* * * LOW HITPOINT WARNING * * *
You hit the orc priest but do no damage.
The orc priest looks as sick as possible!
The orc priest is almost dead.
You kill the orc priest!
Trog accepts your kill.
Your Fighting skill increases to level 7!
You hit the phantom.
The phantom is lightly damaged.
The phantom hits you.
* * * LOW HITPOINT WARNING * * *
The phantom blinks!
You blink.
You swing at nothing.
The phantom completely misses you. The orc hits you with a +0 flail!
You die...

#^.....# #.# ##.# #.
#......#.#.# #..######
#......#.#.#.## ###........
#......#.#.#..###.........>
#...o).#'#........#........
#######..ยง######..#........
#.........>.#########
#...o#..###.####
#...@#....#....#
#...W...#.#....#
#...#####.#....######
#.........#..........
###########....######
#.()...<..# #.#.#.#.#.#
#.#.#...#.# #.#.#####.#


You could see a phantom and an orc.

Vanquished Creatures
  An ice beast (D:5)
  A phantom (D:5)
  2 necrophages (D:5)
  A scorpion (D:5)
  2 orc priests (D:5)
  Jessica (D:2)
  Ijyb (D:3)
  An orc wizard (D:5)
  2 adders (D:4)
  A shadow imp (D:4)
  A white imp (D:5)
  An ufetubus (D:5)
  A worm (D:3)
  2 dart slugs
  5 orcs (D:5)
  7 ball pythons
  6 endoplasms
  3 giant cockroaches
  4 goblins
  3 hobgoblins
  3 quokkas (D:3)
  4 bats
  4 frilled lizards
  4 kobolds
61 creatures vanquished.

Notes
Turn   | Place    | Note
-------+----------+-------------------------------------------
     0 | D:1      | holysushi the Ogre Berserker began the quest for the Orb.
     0 | D:1      | Reached XP level 1. HP: 24/24 MP: 1/1
   170 | D:1      | Reached XP level 2. HP: 32/32 MP: 2/2
   926 | D:2      | Reached XP level 3. HP: 34/40 MP: 3/3
   976 | D:2      | Reached ** piety under Trog
   984 | D:2      | Noticed Jessica
  1000 | D:2      | Killed Jessica
  1180 | D:2      | Reached XP level 4. HP: 49/49 MP: 4/4
  1334 | D:2      | Found a runed translucent door.
  1335 | D:2      | Noticed Crazy Yiuf
  1843 | D:3      | Noticed Ijyb
  1849 | D:3      | Killed Ijyb
  1850 | D:3      | Reached skill level 5 in Fighting
  2341 | D:3      | Found a transporter.
  2345 | D:3      | Found a transporter.
  2345 | D:3      | Noticed a small abomination
  2354 | D:3      | Noticed a kobold brigand
  2356 | D:3      | You fall into a shaft and drop 1 floor!
  2422 | D:4      | Found a runed translucent door.
  2426 | D:4      | Noticed mandarbmax's ghost (amateur FoFi)
  2552 | D:4      | Found a staircase to the Ecumenical Temple.
  2581 | D:4      | Reached XP level 5. HP: 52/57 MP: 5/5
  2666 | D:4      | Found a glowing golden altar of the Shining One.
  3098 | D:5      | Entered Level 5 of the Dungeon
  3394 | D:5      | Reached skill level 5 in Maces & Flails
  3394 | D:5      | Reached XP level 6. HP: 38/67 MP: 6/6
  3520 | D:5      | Noticed an ice beast
  3533 | D:5      | Killed an ice beast
  3534 | D:5      | Reached skill level 6 in Fighting
  3749 | D:5      | Reached XP level 7. HP: 27/76 MP: 7/7
  3762 | D:5      | Reached skill level 7 in Fighting
  3763 | D:5      | Slain by an orc

Illustrated notes

Levels and vault maps discovered:
D:1:      lemuel_arrival_rhombus, layout_basic, nrook_mini_vaults
D:2:      layout_basic, serial_co_window_serial, co_window_corner_a,
          co_window_paths_a, co_window_paths_b, co_window_corner_a,
          co_window_of_opportunity_a, co_window_of_opportunity_a,
          co_window_paths_a, co_window_paths_a, co_window_corner_a,
          co_window_broadway_b, co_window_corner_b, co_window_2corner,
          co_window_2corner, glass_columns_b, glass_columns_b, glass_columns_a,
          uniq_crazy_yiuf_cottage, uniq_jessica
D:3:      layout_loops_ring, gammafunk_ghost_abyssal_escape, uniq_ijyb
D:4:      layout_basic, tso_oasis_becter, minmay_temple_entry_tees,
          hellmonk_ghost_happy_afterlife
D:5:      layout_basic

Skill      XL: |  1  2  3  4  5  6  7 |
---------------+----------------------+-----
Maces & Flails | 3 4 5 6 |  6.3
Fighting       | 5 6 7 |  7.0
Dodging        | |  2.6

Action                   |  1- 3 |  4- 6 |  7- 9 || total
-------------------------+-------+-------+-------++-------
Melee: Mace              |    72 |    72 |       ||   144
       Whip              |       |    76 |    14 ||    90
       Punch             |       |     1 |       ||     1
Invok: Berserk           |     1 |     1 |       ||     2
Armor: Animal skin       |    16 |       |       ||    16
       Robe              |     3 |    40 |     2 ||    45
Dodge: Dodged            |    46 |    80 |     4 ||   130

Table legend: (Time is in decaauts)
 A = Elapsed time spent in this place.
 B = Non-inter-level travel time spent in this place.
 C = Inter-level travel time spent in this place.
 D = Time resting spent in this place.
 E = Time spent auto-exploring this place.
 F = Levels seen in this place.
 G = Mean time per level.
                   A        B        C        D        E       F      G
               +--------+--------+--------+--------+--------+-----+--------+
         Total |   3789 |   3681 |    108 |    268 |   2832 |   5 |  757.8 |
       Dungeon |   3789 |   3681 |    108 |    268 |   2832 |   5 |  757.8 |
               +--------+--------+--------+--------+--------+-----+--------+

Top non-repeatable levels by time:
     D:2: 1228 daAuts
     D:4: 745 daAuts
     D:5: 648 daAuts
     D:1: 639 daAuts
     D:3: 526 daAuts
